 Dungeon Crawl Stone Soup version 0.21.0-3-g78d12a8 (webtiles) character file.

35 tidbits the Sneak (level 3, -1/18 HPs)
             Began as a Vine Stalker Wizard on Jan 10, 2018.
             Slain by a worm (9 damage)
             ... on level 2 of the Dungeon.
             The game lasted 00:05:58 (586 turns).

tidbits the Sneak (Vine Stalker Wizard)              Turns: 586, Time: 00:05:58

Health: -1/18      AC:  2    Str: 10    XL:     3   Next: 35%
Magic:  0/8        EV: 12    Int: 18    God:
Gold:   41         SH:  0    Dex: 12    Spells: 1/8 levels left

rFire    . . .     SeeInvis .   a - +0 short sword
rCold    . . .     Gourm    +   (no shield)
rNeg     . . .     Faith    .   e - +0 robe
rPois    .         Spirit   +   b - +0 hat
rElec    .         Reflect  .   (no cloak)
rCorr    .         Harm     .   (no gloves)
MR       .....                  (no boots)
Stlth    ++........             g - amulet of the gourmand
HPRegen  0.06/turn              W - ring of wizardry
MPRegen  0.11/turn              (no ring)

@: no status effects
A: fangs 2, magic shield, antimagic bite, no potion heal 3, rot immunity
a: no special abilities


You were on level 2 of the Dungeon.
You were not hungry.

You visited 1 branch of the dungeon, and saw 2 of its levels.

You collected 41 gold pieces.

Inventory:

Hand Weapons
 a - a +0 short sword (weapon)
 i - a +0 dagger
 s - a +0 hunting sling
Missiles
 h - 38 arrows
 o - 5 tomahawks of returning (quivered)
 q - 9 poisoned needles
 t - 19 stones
Armour
 b - a +0 hat (worn)
 e - a +0 robe (worn)
Jewellery
 g - an amulet of the gourmand (around neck)
   (You found it on level 1 of the Dungeon)
 u - an uncursed ring of fire
   (You found it on level 2 of the Dungeon)
 W - a ring of wizardry (left hand)
   (You found it on level 1 of the Dungeon)
Potions
 k - a potion of resistance {unknown}
 l - a potion of curing {unknown}
 m - a potion of might {unknown}
 n - a potion of haste {unknown}
 r - a potion of heal wounds {unknown}
Books
 c - a book of Minor Magic

   Spells                             Type                      Level
   a - Magic Dart                     Conjuration                  1
   b - Blink                          Translocation                2
   c - Call Imp                       Summoning                    2
   d - Slow                           Hexes                        2
   e - Conjure Flame                  Conjuration/Fire             3
   f - Mephitic Cloud                 Conjuration/Poison/Air       3
Comestibles
 d - 3 rations


   Skills:
 + Level 1.7 Fighting
 - Level 1.5 Dodging
 + Level 3.7 Stealth
 - Level 3.2 Spellcasting
 - Level 1.0 Conjurations
 - Level 1.0 Summonings
 - Level 1.0 Translocations


You had one spell level left.
You knew the following spells:

 Your Spells              Type           Power        Failure   Level  Hunger
a - Magic Dart            Conj           #...         4%          1    None
b - Blink                 Tloc           N/A          6%          2    ##.....
i - Call Imp              Summ           #.......     6%          2    ##.....
l - Slow                  Hex            #.......     10%         2    ##.....


Dungeon Overview and Level Annotations

Branches:
Dungeon (2/15)

Altars:
Okawaru


Innate Abilities, Weirdness & Mutations

You have extremely sharp teeth.
When hurt, damage is shared between your health and your magic reserves.
Your bite disrupts and absorbs the magic of your enemies.
Potions cannot restore your health.
You are immune to rotting.


Message History

You miscast Call Imp.
You are very lightly contaminated with residual magic.
Shadowy shapes form in the air around you, then vanish.
Casting: Call Imp
Confirm with . or Enter, or press ? or * to list all spells.
A beastly little devil appears in a puff of flame.
Your crimson imp disappears in a puff of smoke!
The bat misses you.
Your crimson imp closely misses the bat.
Things that are here:
an uncursed club; a goblin corpse The bat hits you but does no damage.
You see here a stone.
You hit the bat but do no damage. The bat hits you.
* * * LOW HITPOINT WARNING * * *
Your crimson imp hits the bat.
Casting: Call Imp
Confirm with . or Enter, or press ? or * to list all spells.
Aiming: Magic Dart
Press: ? - help, Shift-Dir - straight line, f - worm
Aim: a worm The magic dart hits the worm.
The worm is lightly wounded.
The bat hits your crimson imp but does no damage.
The bat hits your crimson imp but does no damage.
The bat closely misses your crimson imp.
You see here a dagger.
The bat barely misses your crimson imp.
The bat closely misses your crimson imp.
A hobgoblin comes into view. It is wielding a club.
The bat misses your crimson imp.
You see here a knobbly sapphire ring.
u - a knobbly sapphire ring The hobgoblin shouts!
Put on which piece of jewellery? (? for menu, Esc to quit)
You feel more attuned to fire.
u - a ring of fire (right hand)
Your crimson imp blinks!
Remove which piece of jewellery? (? for menu, Esc to quit)
You remove your ring of fire.
The bat barely misses you.
Your crimson imp disappears in a puff of smoke!
The bat hits you but does no damage. The bat misses you.
The bat completely misses you.
Your magical contamination has completely faded away.
The bat misses you.
You see here a scroll labeled BAHIRE PUPTIF.
The bat barely misses you. The bat barely misses you.
Found a ration.
A worm comes into view.
The bat barely misses you.
Casting: Magic Dart
Confirm with . or Enter, or press ? or * to list all spells.
Aiming: Magic Dart
Press: ? - help, Shift-Dir - straight line, f/p - worm
Aim: a worm The magic dart hits the bat.
The bat hits you but does no damage.
As you read the scroll labeled CANOASCHYCE, it crumbles to dust.
It is a scroll of amnesia.
Okay, then.
The bat closely misses you. The bat misses you.
As you read the scroll labeled DOLEGU ZACASE, it crumbles to dust.
You feel blessed for a moment.
It was a scroll of remove curse.
The bat misses you.
As you read the scroll labeled BAHIRE PUPTIF, it crumbles to dust.
The scroll dissolves into smoke.
It was a scroll of fog.
The hobgoblin completely misses you.
Unknown command.
Okay, then.
Unknown command.
Casting: Magic Dart
Confirm with . or Enter, or press ? or * to list all spells.
Aiming: Magic Dart
Press: ? - help, Shift-Dir - straight line, f/p - worm
Aim: a worm (black smoke)
The magic dart hits the hobgoblin.
The hobgoblin is moderately wounded.
The hobgoblin hits you but does no damage.
Unknown command.
You hit the hobgoblin.
The hobgoblin is severely wounded.
The hobgoblin closely misses you.
You hit the hobgoblin.
You kill the hobgoblin!
The bat hits you but does no damage. The bat barely misses you.
You barely miss the bat. You bite the bat. You drain its power.
You feel invigorated.
You kill the bat!
Unknown command.
Casting: Magic Dart
Confirm with . or Enter, or press ? or * to list all spells.
Aiming: Slow
Press: ? - help, Shift-Dir - straight line, f/p - worm
Aim: a worm (black smoke, chance to defeat MR: 44%)
The worm resists with some effort.
The worm bites you!
Ouch! That really hurt!
You die...

.........#
#..............(.).#
.<.......#
#.......$..........#
....(.....
.#.................
#######..
#.................
#................#
####?............#
#..##..........#
#####§####........##
#§§@w§# ..........
.....§##### .....
.w..# .. ... #


You could see a worm.

Vanquished Creatures
  2 dart slugs (D:1)
  2 giant cockroaches (D:1)
  2 goblins (D:2)
  2 hobgoblins (D:2)
  2 jackals
  4 kobolds
  A quokka (D:2)
  5 bats
  2 frilled lizards (D:1)
  6 rats (D:1)
28 creatures vanquished.

Vanquished Creatures (collateral kills)
  A worm (D:2)
  A jackal (D:2)
  A kobold (D:2)
3 creatures vanquished.

Grand Total: 31 creatures vanquished

Notes
Turn   | Place    | Note
-------+----------+-------------------------------------------
     0 | D:1      | tidbits the Vine Stalker Wizard began the quest for the Orb.
     0 | D:1      | Reached XP level 1. HP: 9/9 MP: 5/5
   179 | D:1      | Reached XP level 2. HP: 11/14 MP: 5/7
   191 | D:1      | Reached skill level 3 in Stealth
   216 | D:1      | Learned a level 2 spell: Call Imp
   219 | D:1      | Learned a level 2 spell: Slow
   222 | D:1      | Learned a level 2 spell: Blink
   232 | D:1      | Reached skill level 1 in Fighting
   339 | D:2      | Found an iron altar of Okawaru.
   387 | D:1      | Reached XP level 3. HP: 17/18 MP: 1/8
   586 | D:2      | Slain by a worm

Skill      XL: |  1  2 |
---------------+-------+-----
Stealth        | 3 |  3.7
Fighting       | 1 |  1.7
Dodging        | |  1.5
Spellcasting   | |  3.2
Conjurations   | |  1.0
Summonings     | |  1.0
Translocations | |  1.0

Action                   || total
-------------------------++-------
Melee: Short sword       ||    38
       Bite              ||    11
       Unarmed           ||     3
 Cast: Magic Dart        ||    38
       Call Imp          ||     4
       Slow              ||     1
  Use: Scroll            ||     3
 Stab: Sleeping          ||     4
Armor: Robe              ||    12
Dodge: Dodged            ||    52

Table legend:
 A = Turns spent in this place as a percentage of turns spent in the entire game.
 B = Non-inter-level travel turns spent in this place as a percentage of non-inter-level travel turns spent in the entire game.
 C = Inter-level travel turns spent in this place as a percentage of turns spent in this place.
 D = Turns resting spent in this place as a percentage of non-inter-level travel turns spent in this place.
 E = Turns spent auto-exploring this place as a percentage of non-inter-level travel turns spent in this place.
 F = Non-inter-level travel turns spent in this place divided by the number of levels of this place that you've seen.
                   A       B       C       D       E      F
               +-------+-------+-------+-------+-------+----------------------
         Total | 100.0 | 100.0 |   0.0 |   0.0 |   0.0 | 293.0
       Dungeon | 100.0 | 100.0 |   0.0 |   0.0 |   0.0 | 293.0
               +-------+-------+-------+-------+-------+----------------------

Table legend:
 A = Kills in this place as a percentage of kills in entire the game.
 B = Kills by you in this place as a percentage of kills by you in the entire game.
 C = Kills by friends in this place as a percentage of kills by friends in the entire game.
 D = Other kills in this place as a percentage of other kills in the entire game.
 E = Experience gained in this place as a percentage of experience gained in the entire game.
 F = Experience gained in this place divided by the number of levels of this place that you have seen.
                   A       B       C       D       E      F
               +-------+-------+-------+-------+-------+----------------------
         Total | 100.0 | 100.0 | 100.0 |   N/A | 100.0 |  25.5
       Dungeon | 100.0 | 100.0 | 100.0 |   N/A | 100.0 |  25.5
               +-------+-------+-------+-------+-------+----------------------

Vault maps used:
D:1:      onia_arrival_larder
D:2:      okawaru_metal_pillars_1_2, corexii_shack
